 Dungeon Crawl Stone Soup version 0.27-a0-695-gb4952372f7 (webtiles) character file.

Game seed: 4637640022130881092

14819 spiderkeys the Spear-Bearer (level 11, -7/153 HPs)
             Began as a Minotaur Berserker on Mar 22, 2021.
             Was a High Priest of Trog.
             Killed from afar by a storm dragon (30 damage)
             ... with a bolt of lightning
             ... on level 11 of the Dungeon.
             The game lasted 00:15:24 (14783 turns).

spiderkeys the Spear-Bearer (Minotaur Berserker)   Turns: 14783, Time: 00:15:24

Health: -7/153     AC: 32    Str: 29    XL:     11   Next: 93%
Magic:  10/10      EV:  8    Int:  6    God:    Trog [*****.]
Gold:   733        SH: 12    Dex: 14    Spells: 10/10 levels left

rFire    . . .     SeeInvis +   H - +5 trident of Akudac {protect, Int+2}
rCold    + . .     Faith    .   y - +0 kite shield "Nibes" {rC+ Dex+4}
rNeg     . . .     Spirit   .   l - +3 chain mail
rPois    +         Reflect  .   (helmet restricted)
rElec    .         Harm     .   k - +2 cloak
rCorr    .         Rampage  .   o - +2 pair of gloves
Will     +....                  j - +2 pair of boots
Stlth    ..........             (no amulet)
HPRegen  0.35/turn              f - ring of willpower
MPRegen  0.12/turn              i - ring of Sefuczos {*Drain rPois Str+4 SInv Stlth+}

@: berserking, protection aura, very quick
A: horns 2, retaliatory headbutt
a: Renounce Religion, Berserk, Trog's Hand, Brothers in Arms


You were on level 11 of the Dungeon.
You worshipped Trog.
Trog was extremely pleased with you.
You visited 1 branch of the dungeon, and saw 11 of its levels.
You also visited: Ossuary.

You collected 733 gold pieces.

Inventory:

Hand Weapons
 H - the +5 trident of Akudac (weapon) {protect, Int+2}
   (You found it on level 7 of the Dungeon)

   It grants its wielder temporary protection when it strikes (+7 to AC).
   It affects your intelligence (+2).
Missiles
 b - 6 javelins
 g - 46 poisoned darts
Armour
 j - a +2 pair of boots (worn)
 k - a +2 cloak (worn)
 l - a +3 chain mail (worn)
 o - a +2 pair of gloves (worn)
 y - the +0 kite shield "Nibes" (worn) {rC+ Dex+4}
   (You found it on level 8 of the Dungeon)

   It affects your dexterity (+4).
   It protects you from cold.
Jewellery
 f - a ring of willpower (right hand)
 i - the ring of Sefuczos (left hand) {*Drain rPois Str+4 SInv Stlth+}
   (You acquired it on level 8 of the Dungeon)

   [ring of poison resistance]

   It affects your strength (+4).
   It protects you from poison.
   It lets you see invisible.
   It causes draining when unequipped.
   It makes you more stealthy.
 q - a ring of flight
 E - a +6 ring of intelligence
 F - a ring of magical power
Wands
 t - a wand of flame (81)
 u - a wand of digging (6)
 v - a wand of polymorph (12)
 z - a wand of iceblast (7)
Scrolls
 c - 3 scrolls of enchant weapon
 h - 7 scrolls of teleportation
 m - a scroll of enchant armour
 C - 2 scrolls of blinking
 I - a scroll of holy word
Potions
 a - 3 potions of haste
 d - 3 potions of might
 e - 3 potions of curing
 n - 2 potions of magic
 p - 7 potions of degeneration
 r - 2 potions of invisibility
 s - a potion of resistance {unknown}
 w - 3 potions of ambrosia
 x - 3 potions of heal wounds
 A - 3 potions of flight {unknown}
 B - a potion of mutation {unknown}
 D - a potion of lignification
 G - a potion of attraction


   Skills:
 + Level 11.1 Fighting
 * Level 14.8 Polearms
 - Level 5.0 Throwing
 + Level 10.8 Armour
 - Level 2.1 Dodging
 + Level 7.1 Shields


You had 10 spell levels left.
You didn't know any spells.
Your spell library was empty.

Dungeon Overview and Level Annotations

Branches:
Dungeon (11/15)            Temple (0/1) D:5            Lair (0/6) D:8
Ossuary (visited)
    Orc: D:9-12

Altars:
Ashenzari
Dithmenos
Elyvilon
Fedhas
Gozag
Hepliaklqana
Makhleb
Nemelex Xobeh
Trog
Wu Jian
Xom
Yredelemnul
The Shining One


Innate Abilities, Weirdness & Mutations

You have a pair of horns on your head.
You reflexively headbutt those who attack you in melee.


Message History

The storm dragon breathes lightning at you.
The bolt of lightning hits you!!!
You puncture the storm dragon! You headbutt the storm dragon!
The storm dragon is moderately wounded.
The storm dragon bites you. The storm dragon claws you!
You block the storm dragon's attack.
You barely miss the storm dragon.
The storm dragon is moderately wounded.
You closely miss the storm dragon.
The storm dragon is moderately wounded.
The storm dragon bites you but does no damage.
You block the storm dragon's attack. The storm dragon completely misses you.
You hit the storm dragon.
The storm dragon is moderately wounded.
The storm dragon bites you but does no damage.
The storm dragon barely misses you.
The storm dragon tramples you but does no damage.
You hit the storm dragon. You headbutt the storm dragon!!
The storm dragon is heavily wounded.
The storm dragon breathes lightning at you.
The bolt of lightning hits you!!
* * * LOW HITPOINT WARNING * * *
You hit the storm dragon but do no damage.
The storm dragon is heavily wounded.
You hit the storm dragon.
The storm dragon is heavily wounded.
The storm dragon bites you but does no damage.
The storm dragon claws you!
* * * LOW HITPOINT WARNING * * *
The storm dragon tramples you.
* * * LOW HITPOINT WARNING * * *
You stumble backwards!
You impale the storm dragon!! Your headbutt misses the storm dragon.
The storm dragon is severely wounded.
You closely miss the storm dragon.
You headbutt the storm dragon, but do no damage.
The storm dragon is severely wounded.
The storm dragon breathes lightning at you.
The bolt of lightning hits you!!
You die...

.................
.)...............
..............
..............
.........####
#######..# ######
#..# #..(.####
#... #...@...###
... #..D...)..#
## ##'#####†####
#.. #...#.# #..
##..'.## #..
##(#).# ###
###..# #..##
#...#


You could see a storm dragon (catching breath).

Vanquished Creatures
  A hydra (D:8)
  A tengu warrior (D:11)
  2 two-headed ogres (D:9)
  A deep troll (D:11)
  An ugly thing (D:11)
  2 cyclopes (D:11)
  Maurice (D:9)
  A tengu conjurer (D:11)
  A yaktaur (D:11)
  3 trolls
  Grinder (D:6)
  2 wraiths (D:11)
  19 yaks
  Grum (D:8)
  A water moccasin (D:10)
  3 ice beasts
  2 orc warriors
  2 sky beasts
  A swamp drake (D:11)
  3 ogres (D:5)
  8 necrophages
  3 wolves (D:8)
  5 centaurs
  4 phantoms
  7 bullfrogs
  5 scorpions
  6 killer bees (D:8)
  6 electric eels (D:9)
  4 wights (D:6)
  4 howler monkeys
  A quasit (D:6)
  A centaur zombie (D:10)
  10 orc priests
  A bullfrog zombie (D:9)
  6 hounds
  A gnoll shaman (D:5)
  A jelly (D:8)
  A bullfrog skeleton (D:11)
  A centaur skeleton (D:9)
  11 worker ants
  Terence (D:2)
  An iguana (D:10)
  7 orc wizards
  2 hound zombies
  8 mummies (Ossuary)
  A worker ant zombie (D:8)
  5 gnolls
  A howler monkey skeleton (D:6)
  10 adders
  4 shadow imps
  8 white imps
  3 ufetubi
  2 oozes (D:2)
  An adder zombie (D:7)
  3 worms
  3 dart slugs
  7 leopard geckos
  30 orcs
  A ball python (D:7)
  6 giant cockroaches
  8 goblins
  8 hobgoblins
  11 jackals
  8 kobolds
  6 quokkas
  12 bats
  4 frilled lizards
  5 hobgoblin zombies (Ossuary)
  A jackal zombie (D:8)
  A kobold zombie (Ossuary)
  2 orc zombies (Ossuary)
  2 quokka zombies (D:7)
  10 rats
317 creatures vanquished.

Vanquished Creatures (others)
  A bush (D:7)
  71 plants
72 creatures vanquished.

Grand Total: 389 creatures vanquished

Notes
Turn   | Place    | Note
-------+----------+-------------------------------------------
     0 | D:1      | spiderkeys the Minotaur Berserker began the quest for the
                  | Orb.
     0 | D:1      | Reached XP level 1. HP: 19/19 MP: 0/0
   128 | D:1      | Reached skill level 4 in Polearms
   128 | D:1      | Reached XP level 2. HP: 23/27 MP: 1/1
   610 | D:1      | Reached XP level 3. HP: 24/33 MP: 2/2
   947 | D:2      | Found an opulent altar of Gozag.
  1113 | D:2      | Noticed Terence
  1123 | D:2      | Killed Terence
  1123 | D:2      | Reached ** piety under Trog
  1124 | D:2      | Reached skill level 5 in Polearms
  1124 | D:2      | Reached XP level 4. HP: 40/40 MP: 3/3
  1227 | D:2      | Found a sparkling altar of Nemelex Xobeh.
  1329 | D:2      | Reached skill level 1 in Throwing
  1776 | D:2      | Found a broken altar of Ashenzari.
  2471 | D:3      | Reached XP level 5. HP: 47/47 MP: 4/4
  2864 | D:4      | Found a transporter.
  3203 | D:4      | Found a transporter.
  3295 | D:4      | Noticed a phantom
  3316 | D:4      | Killed a phantom
  3317 | D:4      | Reached skill level 6 in Polearms
  3317 | D:4      | Reached XP level 6. HP: 38/55 MP: 5/5
  3637 | D:4      | Reached *** piety under Trog
  3956 | D:4      | Reached skill level 5 in Fighting
  4313 | D:5      | Entered Level 5 of the Dungeon
  4377 | D:5      | Reached XP level 7. HP: 42/61 MP: 6/6
  4777 | D:5      | Reached skill level 7 in Polearms
  4845 | D:5      | Reached skill level 5 in Armour
  5070 | D:5      | Found a staircase to the Ecumenical Temple.
  5419 | D:5      | Found a glowing golden altar of the Shining One.
  5632 | D:5      | Reached skill level 8 in Polearms
  5690 | D:6      | Reached XP level 8. HP: 51/70 MP: 7/7
  6088 | D:6      | Noticed Grinder
  6100 | D:6      | Paralysed by Grinder for 4 turns
  6110 | D:6      | Killed Grinder
  6111 | D:6      | Reached skill level 9 in Polearms
  6306 | D:6      | Found a shimmering altar of Xom.
  6319 | D:6      | Reached **** piety under Trog
  7002 | D:6      | Reached XP level 9. HP: 25/79 MP: 8/8
  7707 | D:7      | Reached skill level 10 in Polearms
  7707 | D:7      | Reached skill level 5 in Throwing
  8411 | D:7      | Identified the +5 trident of Akudac {protect, Int+2}
  8554 | D:7      | Found an ornate altar of the Wu Jian Council.
  8611 | D:7      | Found a blossoming altar of Fedhas.
  8658 | D:7      | Reached skill level 11 in Polearms
  8679 | D:8      | Identified a scroll of acquirement
  8679 | D:8      | Acquired the ring of Sefuczos {*Drain rPois Str+4 SInv
                  | Stlth+}
  8944 | D:8      | Found a staircase to the Lair.
  9070 | D:8      | Found a sand-covered staircase.
  9100 | Ossuary  | Entered an ossuary
  9206 | Ossuary  | Reached ***** piety under Trog
  9559 | D:8      | Identified the +0 kite shield "Nibes" {rC+ Dex+4}
  9630 | D:8      | Noticed a seven-headed hydra
  9640 | D:8      | Killed a seven-headed hydra
  9641 | D:8      | Reached skill level 1 in Shields
  9641 | D:8      | Reached XP level 10. HP: 56/90 MP: 9/9
  9917 | D:8      | Noticed Grum
  9925 | D:8      | Reached skill level 12 in Polearms
  9939 | D:8      | Killed Grum
 10578 | D:9      | Noticed a two-headed ogre
 10597 | D:9      | Killed a two-headed ogre
 11041 | D:9      | Noticed a two-headed ogre
 11054 | D:9      | Killed a two-headed ogre
 11641 | D:9      | Found a shadowy altar of Dithmenos.
 11642 | D:9      | Found a hazy altar of Hepliaklqana.
 11893 | D:9      | Found a white marble altar of Elyvilon.
 12036 | D:9      | Reached skill level 13 in Polearms
 12090 | D:9      | Found a basalt altar of Yredelemnul.
 12090 | D:9      | Found a bloodstained altar of Trog.
 12091 | D:9      | Found a burning altar of Makhleb.
 12093 | D:9      | Noticed Maurice
 12104 | D:9      | Killed Maurice
 12703 | D:10     | Entered Level 10 of the Dungeon
 12718 | D:10     | Received a gift from Trog
 12722 | D:10     | Reached skill level 10 in Fighting
 12730 | D:10     | Reached XP level 11. HP: 83/99 MP: 10/10
 12832 | D:10     | Reached skill level 5 in Shields
 13645 | D:10     | Reached skill level 10 in Armour
 13768 | D:10     | Reached skill level 14 in Polearms
 14400 | D:11     | Received a gift from Trog
 14638 | D:11     | Noticed a brown ugly thing
 14638 | D:11     | Noticed a tengu warrior
 14647 | D:11     | Killed a brown ugly thing
 14671 | D:11     | Killed a tengu warrior
 14763 | D:11     | Noticed a deep troll
 14763 | D:11     | Noticed a storm dragon
 14772 | D:11     | Killed a deep troll
 14783 | D:11     | Killed from afar by a storm dragon

Illustrated notes

Levels and vault maps discovered:
D:1:      lightli_arrival_flooded_house, layout_rooms
D:2:      layout_basic, minitemple, lemuel_crystal_altar, uniq_terence
D:3:      layout_loops_ring, amethyst_killhole
D:4:      gammafunk_wand_slinger, layout_basic
D:5:      layout_loops_ring, marbit_many_paths, temple_pool_b
D:6:      layout_rooms, old_standard_altar, uniq_grinder
D:7:      minmay_spotlight, layout_gridville,
          nicolae_wu_jian_immortal_techniques, fedhas_altar_decomposition,
          minmay_curled_crystal, chequers_serial_rivers_micro_b
D:8:      layout_gridville, lair_entry_dummy, enter_ossuary_3, uniq_grum
D:9:      layout_cave_pods, riverfiend_overflow_shadow_ancestor,
          nicolae_elyvilon_temple_path,
          chequers_temple_overflow_statue_of_worship, serial_bayou_pond_a,
          chequers_big_river, uniq_maurice
D:10:     layout_cave_pools
D:11:     minmay_sliced_demisemicircle, layout_long_grid, erik_orc_1,
          serial_shops, shop, serial_bayou_lagoon_a,
          nicolae_looking_at_the_future

Skill      XL: |  1  2  3  4  5  6  7  8  9 10 11 |
---------------+----------------------------------+-----
Polearms       | 4 5 6 8 9 11 13 14 | 14.8
Fighting       | 4 5 6 7 8 10 11 | 11.1
Armour         | 3 4 5 6 8 9 10 | 10.8
Throwing       | 1 2 3 4 5 |  5.0
Shields        | 1 4 7 |  7.1
Dodging        | |  2.1

Action                   |  1- 3 |  4- 6 |  7- 9 | 10-12 || total
-------------------------+-------+-------+-------+-------++-------
Melee: Spear             |    82 |   159 |   364 |       ||   605
       Headbutt          |     7 |    19 |    94 |    83 ||   203
       Trident           |       |       |   115 |   421 ||   536
Invok: Berserk           |     1 |     2 |     4 |     4 ||    11
  Use: Scroll            |       |       |    16 |     3 ||    19
       Potion            |       |       |     1 |       ||     1
Armor: Animal skin       |    10 |       |       |       ||    10
       Scale mail        |       |    34 |   116 |       ||   150
       Chain mail        |       |       |    31 |   163 ||   194
       Ring mail         |       |       |    13 |       ||    13
Dodge: Dodged            |    43 |    50 |   136 |    94 ||   323
Block: Kite shield       |       |       |     6 |   185 ||   191

Table legend: (Time is in decaauts)
 A = Elapsed time spent in this place.
 B = Non-inter-level travel time spent in this place.
 C = Inter-level travel time spent in this place.
 D = Time resting spent in this place.
 E = Time spent auto-exploring this place.
 F = Levels seen in this place.
 G = Mean time per level.
                   A        B        C        D        E       F      G
               +--------+--------+--------+--------+--------+-----+--------+
         Total |  14639 |  14208 |    431 |   4058 |   8381 |  12 | 1219.9 |
       Dungeon |  14400 |  13969 |    431 |   4058 |   8210 |  11 | 1309.1 |
       Ossuary |    238 |    238 |      0 |      0 |    171 |   1 |  238.0 |
               +--------+--------+--------+--------+--------+-----+--------+

Top non-repeatable levels by time:
     D:9: 2491 daAuts
     D:6: 1974 daAuts
     D:8: 1653 daAuts
     D:4: 1515 daAuts
     D:5: 1354 daAuts
     D:2: 1086 daAuts
     D:7: 949 daAuts
    D:10: 907 daAuts
     D:1: 888 daAuts
     D:3: 807 daAuts
    D:11: 771 daAuts
 Ossuary: 238 daAuts
